 Dungeon Crawl Stone Soup version 0.30-a0-1124-g6e8f0f562f (webtiles) character file.

Game seed: 4212979732648814465

161 dave1331 the Trooper (level 5, -5/47 HPs)
             Began as a Hill Orc Fighter on Apr 23, 2023.
             Slain by an orc
             ... wielding a +0 club
              (6 damage)
             ... on level 4 of the Dungeon on Apr 24, 2023.
             The game lasted 00:16:46 (2790 turns).

dave1331 the Trooper (Hill Orc Fighter)             Turns: 2790, Time: 00:16:46

Health: -5/47      AC:  0    Str: 21    XL:     5   Next: 42%
Magic:  5/5        EV: 13    Int:  8    God:
Gold:   139        SH:  0    Dex: 10    Spells: 4/4 levels left

rFire   . . .        a - melded +0 war axe
rCold   . . .        v - melded +2 buckler
rNeg    . . .        b - melded +0 scale mail
rPois   .            (helmet currently unavailable)
rElec   .            (cloak currently unavailable)
rCorr   .            (gloves currently unavailable)
SInv    .            (boots currently unavailable)
Will    .....        (no amulet)
Stlth   +            n - melded ring "Zeuc" {rF+ EV+5}
HPRegen 0.27/turn    l - melded +4 ring of slaying
MPRegen 0.09/turn

%: no passive effects
@: pig-form, very quick
A: fast, no casting, small
a: no special abilities


You were on level 4 of the Dungeon.
You were a filthy swine.
You visited 1 branch of the dungeon, and saw 4 of its levels.

You collected 139 gold pieces.

Inventory:

Hand Weapons
 a - a +0 war axe (melded)
Armour
 b - a +0 scale mail (melded)
 c - a +0 buckler
 h - a +0 leather armour
 v - a +2 buckler (melded)
Jewellery
 i - a ring of resist corrosion
 k - a +5 ring of evasion
 l - a +4 ring of slaying (melded)
 n - the ring "Zeuc" (melded) {rF+ EV+5}
   (You found it on level 2 of the Dungeon)

   [ring of evasion]

   EV:        It affects your evasion (+5).
   rF:        It protects you from fire.
 t - a +6 ring of intelligence
 u - a ring of magical power
 x - a +4 ring of protection
Wands
 m - a wand of paralysis (7)
Scrolls
 g - 2 scrolls of teleportation {unknown}
 j - a scroll of fog {unknown}
 o - a scroll of immolation {unknown}
 p - a scroll of fear {unknown}
 r - a scroll of acquirement {unknown}
 y - a scroll of poison {unknown}
 z - 2 scrolls of identify {unknown}
Potions
 d - a potion of might
 e - 2 potions of curing {unknown}
 f - a potion of haste {unknown}
 q - a potion of magic {unknown}
 s - a potion of brilliance {unknown}
 w - a potion of degeneration {unknown}
 A - 2 potions of heal wounds {unknown}


   Skills:
 + Level 4.7 Fighting
 + Level 4.2 Axes
 + Level 4.3 Armour
 + Level 4.4 Shields


You had 4 spell levels left.
You didn't know any spells.
Your spell library was empty.

Dungeon Overview and Level Annotations

Branches:
Dungeon (4/15)
 Temple: D:4-7

Altars:
Kikubaaqudgha

Annotations:
D:4 Ijyb


Message History

The orc attacks as you move away! The orc closely misses you.
Ijyb attacks as you move away! Ijyb hits you with a +0 dagger.
You condense into your normal self.
Your +0 war axe unmelds from your body.
Your +2 buckler unmelds from your body.
Your +0 scale mail unmelds from your body.
The ring "Zeuc" {rF+ EV+5} unmelds from your body.
Your +4 ring of slaying unmelds from your body.
Ijyb zaps a wand.
You turn into a filthy swine.
Your +0 war axe melds into your body.
Your +2 buckler melds into your body.
Your +0 scale mail melds into your body.
The ring "Zeuc" {rF+ EV+5} melds into your body.
Your +4 ring of slaying melds into your body.
The orc throws a boomerang.
The boomerang hits you.
* * * LOW HITPOINT WARNING * * *
The orc throws a boomerang.
The boomerang hits you.
* * * LOW HITPOINT WARNING * * *
The orc throws a boomerang.
The boomerang barely misses you.
Found a purple potion.
The orc throws a boomerang.
The boomerang closely misses you.
An endoplasm comes into view.
The endoplasm quivers.
An orc comes into view. It is wielding a +0 club.
The orc shouts!
Ijyb screams, "Die!"
The endoplasm closely misses you.
You hit the endoplasm but do no damage. The endoplasm freezes you.
You are frozen.
* * * LOW HITPOINT WARNING * * *
You hit the endoplasm.
The endoplasm is moderately wounded.
The endoplasm hits you.
* * * LOW HITPOINT WARNING * * *
You hit the endoplasm.
The endoplasm is moderately wounded.
The endoplasm freezes you.
You are frozen.
* * * LOW HITPOINT WARNING * * *
The orc hits you with a +0 club.
You die...

##<...†....###.#
#.....)...## ..
#.#######.# ..#
#. #o# ..# ..
##.## ## ###
#####.g.##
#........##
..#####J...#
#!oh.## #.##.#
#.# .# #.# .#
#.# #. #.# . ..
.. .#


You could see Ijyb, 2 orcs and an endoplasm.

Vanquished Creatures
  2 iguanas
  2 adders (D:2)
  4 worms
  6 orcs
  6 endoplasms
  7 giant cockroaches
  3 goblins
  9 hobgoblins
  5 kobolds
  6 quokkas
  5 ball pythons
  6 bats
  4 frilled lizards
  5 rats
70 creatures vanquished.

Notes
Turn   | Place    | Note
-------+----------+-------------------------------------------
     0 | D:1      | dave1331 the Hill Orc Fighter began the quest for the Orb.
     0 | D:1      | Reached XP level 1. HP: 19/19 MP: 1/1
    98 | D:1      | Reached XP level 2. HP: 27/27 MP: 2/2
   524 | D:1      | Reached XP level 3. HP: 33/33 MP: 3/3
  1107 | D:2      | Identified the ring "Zeuc" {rF+ EV+5}
  1267 | D:2      | Reached XP level 4. HP: 40/40 MP: 4/4
  1828 | D:3      | Found an ancient bone altar of Kikubaaqudgha.
  1873 | D:3      | Found a faded altar of an unknown god.
  2353 | D:3      | Reached XP level 5. HP: 47/47 MP: 5/5
  2558 | D:3      | Identified the +0 robe of Ijirry {Drain rF+ Dex+7 Archmagi}
  2749 | D:4      | Noticed Ijyb
  2790 | D:4      | HP: 1/47 [frozen (5)]
  2790 | D:4      | Slain by an orc

Illustrated notes

Levels and vault maps discovered:
D:1:      lemuel_arrival_cross, layout_basic, minmay_misc_feat_square,
          minmay_box_of_dots
D:2:      layout_basic
D:3:      layout_loops_corners, mainiacjoe_overflow_24_doors,
          shapermc_ecumenical_altar_mp_urbaneastern
D:4:      cheibrodos_helix_gallery, layout_layer_cave, serial_shops,
          nicolae_shop_statue_plus, uniq_ijyb

Skill      XL: |  1  2  3  4 |
---------------+-------------+-----
Axes           | 3 4 |  4.2
Fighting       | 4 |  4.7
Shields        | 4 |  4.4
Armour         | 4 |  4.3

Action                     |  1- 3 |  4- 6 || total
---------------------------+-------+-------++-------
  Melee: War axe           |   115 |    72 ||   187
         Unarmed           |       |    19 ||    19
 Armour: Scale mail        |    68 |    13 ||    81
         Skin              |       |     4 ||     4
  Dodge: Dodged            |    75 |    51 ||   126
  Block: Buckler           |    24 |    15 ||    39

Table legend: (Time is in decaauts)
 A = Elapsed time spent in this place.
 B = Non-inter-level travel time spent in this place.
 C = Inter-level travel time spent in this place.
 D = Time resting spent in this place.
 E = Time spent auto-exploring this place.
 F = Levels seen in this place.
 G = Mean time per level.
                   A        B        C        D        E       F      G
               +--------+--------+--------+--------+--------+-----+--------+
         Total |   2849 |   2453 |    396 |      0 |   1828 |   4 |  712.2 |
       Dungeon |   2849 |   2453 |    396 |      0 |   1828 |   4 |  712.2 |
               +--------+--------+--------+--------+--------+-----+--------+

Top non-repeatable levels by time:
     D:1: 995 daAuts
     D:3: 869 daAuts
     D:2: 867 daAuts
     D:4: 117 daAuts
